 Dungeon Crawl Stone Soup version 0.25-a0-558-g78a2afb0af (webtiles) character file.

Game seed: 2213414412373357438, levelgen mode: deterministic

2560 Flugslaktarn the Cleaver (level 9, -8/79 HPs)
             Began as a Formicid Fighter on Feb 24, 2020.
             Mangled by an orc wizard
             ... wielding a +1 dagger of electrocution
              (16 damage)
             ... on level 7 of the Dungeon.
             The game lasted 00:02:48 (5558 turns).

Flugslaktarn the Cleaver (Formicid Fighter)         Turns: 5558, Time: 00:02:48

Health: -8/79      AC: 17    Str: 24    XL:     9   Next: 86%
Magic:  9/9        EV:  4    Int:  8    God:
Gold:   168        SH: 16    Dex:  8    Spells: 8/8 levels left

rFire    . . .     SeeInvis +   a - +0 war axe
rCold    . . .     Gourm    .   u - +0 tower shield
rNeg     . . .     Faith    .   d - +0 plate armour
rPois    .         Spirit   .   (helmet unavailable)
rElec    .         Reflect  .   g - +0 cloak
rCorr    .         Harm     .   (no gloves)
MR       .....                  f - +0 pair of boots
Stlth    ..........             (no amulet)
HPRegen  0.23/turn              (no ring)
MPRegen  0.11/turn              (no ring)

@: lethally poisoned (-8 -> -12), flying
A: permanent stasis, dig shafts and tunnels, four strong arms, antennae 3,
iridescent scales 1, clumsy 1, robust 1
a: Dig, Shaft Self


You were on level 7 of the Dungeon.
You were not hungry.

You visited 1 branch of the dungeon, and saw 7 of its levels.

You collected 168 gold pieces.

Inventory:

Hand Weapons
 a - a +0 war axe (weapon)
Armour
 b - a +0 scale mail
 d - a +0 plate armour (worn)
   (You took it off an orc warrior on level 6 of the Dungeon)
 f - a +0 pair of boots (worn)
   (You found it on level 1 of the Dungeon)
 g - a +0 cloak (worn)
   (You found it on level 4 of the Dungeon)
 u - a +0 tower shield (worn)
   (You found it on level 5 of the Dungeon)
Scrolls
 c - a scroll of fear {unknown}
 j - a scroll of immolation
 k - a scroll of random uselessness {unknown}
 l - 2 scrolls of magic mapping
 q - 3 scrolls of remove curse
 r - a scroll of identify
Potions
 h - a potion of mutation
 i - a potion of lignification {unknown}
 m - a potion of stabbing {unknown}
 n - a potion of degeneration {unknown}
 o - a potion of curing {unknown}
 p - 4 potions of flight
 t - a potion of brilliance {unknown}
 w - 2 potions of heal wounds
Comestibles
 e - 3 rations


   Skills:
 + Level 7.0 Fighting
 * Level 8.3 Axes
 + Level 7.0 Armour
 + Level 7.7 Shields


You had 8 spell levels left.
You didn't know any spells.
Your spell library was empty.

Dungeon Overview and Level Annotations

Branches:
Dungeon (7/15)
 Temple: D:4-7

Altars:
Cheibriados
Qazlal
Zin

Shops:
D:7 *

Annotations:
D:7 Menkaure


Innate Abilities, Weirdness & Mutations

You cannot be hasted, slowed, berserked, paralysed or teleported.
You can dig through walls and to a lower floor.
Your four strong arms can wield two-handed weapons with a shield.
You have a pair of large antennae on your head. (SInv)
You are partially covered in iridescent scales. (AC +2)
You are clumsy. (Dex -2)
You are robust. (+10% HP)


Message History

The killer bee is severely wounded.
You closely miss the orc wizard. You closely miss the killer bee.
You feel sick.
The killer bee stings you but does no damage.
You block the orc wizard's attack. The killer bee stings you.
* * * LOW HITPOINT WARNING * * *
The killer bee stings you.
* * * LOW HITPOINT WARNING * * *
The orc wizard barely misses you. You block the killer bee's attack.
You closely miss the killer bee.
The killer bee is severely wounded.
You miss the killer bee.
You hit the orc wizard but do no damage.
You feel sick. You block the killer bee's attack.
The killer bee stings you but does no damage.
You block the orc wizard's attack. You block the killer bee's attack.
The killer bee barely misses you.
The orc wizard hits you but does no damage.
You are electrocuted!
You die...

. #.. ....## .. #######.#
#...# ... ........#
###...### ....
#.###........ .....######
#.##.........
......).$.####.##.>......#
......)..o........##...###
...#...##y####.#.###...#
.......My@# #.#.# ##.####
........o.# #.#.# #.# #.
...<......####<#.####.###.
...............#..........
..##...##.####........###.
.# #### #.# #.##########.
#.# #..........<. #.#
###########)# #..


You could see Menkaure, 2 killer bees, an orc wizard and an orc.

Vanquished Creatures
  2 water moccasins (D:7)
  2 orc warriors
  A sky beast (D:7)
  2 ice beasts
  A phantom (D:5)
  3 ogres
  2 necrophages
  2 centaurs
  2 killer bees (D:7)
  4 howler monkeys
  3 crimson imps
  A bullfrog zombie (D:5)
  A quasit (D:6)
  5 hounds
  3 orc priests
  A jelly (D:5)
  A centaur skeleton (D:4)
  4 orc wizards
  A gnoll shaman (D:6)
  6 worker ants
  Terence (D:2)
  A hound skeleton (D:7)
  5 gnolls (D:6)
  9 adders
  A shadow imp (D:7)
  2 adder zombies
  3 adder skeletons
  A leopard gecko (D:5)
  15 orcs
  2 giant cockroaches
  4 goblins
  3 hobgoblins
  A quokka (D:6)
  2 bats
  2 frilled lizards
  A kobold (D:2)
  A leopard gecko zombie (D:6)
  2 rats (D:3)
103 creatures vanquished.

Notes
Turn   | Place    | Note
-------+----------+-------------------------------------------
     0 | D:1      | Flugslaktarn the Formicid Fighter began the quest for the
                  | Orb.
     0 | D:1      | Reached XP level 1. HP: 18/18 MP: 1/1
   105 | D:2      | Noticed Terence
   111 | D:2      | Killed Terence
   111 | D:2      | Reached XP level 2. HP: 23/24 MP: 2/2
   111 | D:2      | Reached XP level 3. HP: 28/29 MP: 3/3
   378 | D:3      | Reached XP level 4. HP: 33/37 MP: 4/4
   422 | D:4      | Reached skill level 3 in Axes
   648 | D:4      | Noticed a centaur
   655 | D:4      | Killed a centaur
   655 | D:4      | Reached XP level 5. HP: 13/42 MP: 5/5
   658 | D:4      | Reached XP level 6. HP: 16/48 MP: 6/6
   891 | D:4      | Reached skill level 4 in Axes
   946 | D:4      | Noticed an ogre
   952 | D:4      | Killed an ogre
   952 | D:4      | Reached skill level 5 in Shields
  1062 | D:4      | Reached XP level 7. HP: 33/55 MP: 7/7
  1585 | D:5      | Entered Level 5 of the Dungeon
  1656 | D:5      | Reached skill level 5 in Axes
  1853 | D:5      | Reached skill level 5 in Fighting
  1866 | D:5      | Reached skill level 5 in Armour
  2369 | D:5      | Reached XP level 8. HP: 8/62 MP: 8/8
  3047 | D:5      | Gained mutation: You are partially covered in iridescent
                  | scales. (AC +2) [potion of mutation]
  3047 | D:5      | Gained mutation: You are clumsy. (Dex -2) [potion of
                  | mutation]
  3047 | D:5      | Gained mutation: You are robust. (+10% HP) [potion of
                  | mutation]
  3170 | D:6      | Reached skill level 6 in Axes
  4167 | D:6      | Found a snail-covered altar of Cheibriados.
  4167 | D:6      | Found a stormy altar of Qazlal.
  4512 | D:6      | Reached XP level 9. HP: 74/74 MP: 9/9
  4604 | D:7      | Reached skill level 7 in Axes
  4870 | D:7      | Found Dojelag's Serpentskin Sales.
  5171 | D:7      | Reached skill level 8 in Axes
  5489 | D:7      | Found a glowing silver altar of Zin.
  5535 | D:7      | Noticed Menkaure
  5558 | D:7      | Mangled by an orc wizard

Levels and vault maps discovered:
D:1:      shiori_arrival_maze, layout_basic, serial_park_tiny_1,
          dk_noncrumbling_2, chequers_serial_rivers_micro_c, minivault_11
D:2:      layout_basic, uniq_terence, uniq_natasha, uniq_jessica
D:3:      cheibrodos_pilgrimage, layout_rooms, minitemple
D:4:      layout_gridville
D:5:      layout_gridville, first_ration
D:6:      layout_loops_ring, grunt_temple_overflow_open, st_stairs_3
D:7:      layout_loops_ring, zin_scriptorium, temple_hall, serial_glass,
          glass_columns_b, glass_columns_b, grunt_livestock,
          guppyfry_shop_venom, uniq_menkaure

Skill      XL: |  1  2  3  4  5  6  7  8  9 |
---------------+----------------------------+-----
Shields        | 4 5 6 7 |  7.7
Axes           | 3 4 5 6 8 |  8.3
Fighting       | 4 5 6 7 |  7.0
Armour         | 4 5 6 7 |  7.0

Action                   |  1- 3 |  4- 6 |  7- 9 || total
-------------------------+-------+-------+-------++-------
Melee: War axe           |    46 |    45 |   483 ||   574
 Abil: Dig               |       |       |     2 ||     2
  Use: Scroll            |       |       |     5 ||     5
       Potion            |       |       |     5 ||     5
  Eat: Chunk             |       |     1 |     8 ||     9
       Ration            |       |       |     2 ||     2
Armor: Scale mail        |    20 |    24 |   144 ||   188
       Plate armour      |       |       |   141 ||   141
Dodge: Dodged            |    12 |    23 |   107 ||   142
Block: Kite shield       |    23 |    30 |    65 ||   118
       Tower shield      |       |       |   373 ||   373

Table legend:
 A = Non-vault XP
 B = Vault XP
 C = Vault XP percentage of total XP
 D = Non-vault monster count
 E = Vault monster count
 F = Vault count percentage of total count
                 A         B        C        D         E       F
            +---------+---------+-------+---------+---------+-------
      Total |    3219 |     439 |  12.0 |      95 |       8 |   7.8
            +---------+---------+-------+---------+---------+-------
        D:1 |       1 |       2 |  66.7 |       1 |       1 |  50.0
        D:2 |       7 |      32 |  82.1 |       4 |       1 |  20.0
        D:3 |      29 |       0 |   0.0 |      10 |       0 |   0.0
        D:4 |     533 |       0 |   0.0 |      15 |       0 |   0.0
        D:5 |     541 |       0 |   0.0 |      17 |       0 |   0.0
        D:6 |     787 |      96 |  10.9 |      25 |       3 |  10.7
        D:7 |    1321 |     309 |  19.0 |      23 |       3 |  11.5
            +---------+---------+-------+---------+---------+-------
